 Dungeon Crawl Stone Soup version 0.28-a0-1429-gf3d713df7a (webtiles) character file.

Game seed: 8666714733500911401

83 bande the Covered (level 4, 0/28 HPs)
             Began as a Gargoyle Fighter on Jan 9, 2022.
             Slain by a gnoll (9 damage)
             ... on level 2 of the Dungeon.
             The game lasted 00:03:00 (1470 turns).

bande the Covered (Gargoyle Fighter)                Turns: 1470, Time: 00:03:00

Health: 0/28       AC: 10    Str: 20    XL:     4   Next: 44%
Magic:  4/4        EV:  9    Int:  8    God:
Gold:   21         SH:  4    Dex: 11    Spells: 3/3 levels left

rFire   . . .      SeeInvis .   a - +0 war axe
rCold   . . .      Faith    .   c - +0 buckler
rNeg    + . .      Spirit   .   b - +0 scale mail
rPois   ∞          Reflect  .   (no helmet)
rElec   +          Harm     .   (no cloak)
rCorr   .          Rampage  .   (no gloves)
Will    .....                   (no boots)
Stlth   ..........              (no amulet)
HPRegen 0.09/turn               (no ring)
MPRegen 0.09/turn               (no ring)

@: no status effects
A: sickness immunity, AC +3, negative energy resistance 1, electricity
resistance, torment resistance 1, petrification resistance
a: no special abilities


You were on level 2 of the Dungeon.
You visited 1 branch of the dungeon, and saw 2 of its levels.

You collected 21 gold pieces.

Inventory:

Hand Weapons
 a - a +0 war axe (weapon)
Armour
 b - a +0 scale mail (worn)
 c - a +0 buckler (worn)
Jewellery
 f - a ring of wizardry
Scrolls
 e - 3 scrolls of fear {unknown}
 g - 2 scrolls of identify
Potions
 d - a potion of might


   Skills:
 + Level 3.6 Fighting
 + Level 3.2 Axes
 + Level 3.8 Armour
 + Level 3.7 Shields


You had 3 spell levels left.
You didn't know any spells.
Your spell library was empty.

Dungeon Overview and Level Annotations

Branches:
Dungeon (2/15)

Altars:


Innate Abilities, Weirdness & Mutations

You are immune to sickness and miasma.
Your stone body is resilient. (AC +3)
You are immune to poison.
You resist negative energy. (rN+)
You are resistant to electric shocks. (rElec)
You are resistant to unholy torment.
You are immune to petrification.


Message History

The gnoll hits you but does no damage.
The gnoll hits you from afar with a +0 halberd.
You completely miss the gnoll. The gnoll hits you with a +0 club.
The gnoll closely misses you.
You barely miss the gnoll. The gnoll hits you with a +0 club.
You block the gnoll's attack. The gnoll closely misses you.
You hit the gnoll.
The gnoll is heavily wounded.
The gnoll closely misses you. The gnoll hits you with a +0 club.
The gnoll hits you from afar with a +0 halberd.
You are too injured to fight recklessly!
You are too injured to fight recklessly!
You are too injured to fight recklessly!
You are too injured to fight recklessly!
You are too injured to fight recklessly!
You are too injured to fight recklessly!
You are too injured to fight recklessly!
You are too injured to fight recklessly!
You are too injured to fight recklessly!
You slash the gnoll!
You kill the gnoll!
You block the gnoll's attack.
Found 7 gold pieces.
The gnoll barely misses you.
Items here: ( )) †.
The gnoll barely misses you.
You hit the gnoll.
The gnoll is heavily wounded.
The gnoll hits you with a +0 halberd.
* * * LOW HITPOINT WARNING * * *
The gnoll hits you but does no damage.
You closely miss the gnoll.
The gnoll is heavily wounded.
You block the gnoll's attack.
You slash the gnoll!
The gnoll is almost dead.
The gnoll hits you but does no damage.
You closely miss the gnoll.
The gnoll is almost dead.
The gnoll completely misses you. The gnoll hits you with a +0 halberd!
You die...

#.# #.##.##..## #.#
#######.##......# #.#
#...$.#.(......## #.#
#.....#..####..# #.##
#.....#........# #..#
#.....##.#.....# ##.#
#.....##.#.##.## #.#
#.....##.#.##.#
####.####..@g.##..†...#
#.......###)######.####
#.##.##.###.#### #.## #
#.##........###..##
#.##..##..........# #
#.##..####.......## #
......##.........#
#####
#.....##.#..######
#.... # #####......)#
#.###


You could see a gnoll.

Vanquished Creatures
  2 gnolls (D:2)
  2 adders (D:2)
  A dart slug (D:2)
  2 endoplasms
  3 giant cockroaches
  2 hobgoblins (D:1)
  10 jackals
  A quokka (D:1)
  4 ball pythons
  5 bats
  3 frilled lizards
  3 kobolds (D:1)
  7 rats
45 creatures vanquished.

Notes
Turn   | Place    | Note
-------+----------+-------------------------------------------
     0 | D:1      | bande the Gargoyle Fighter began the quest for the Orb.
     0 | D:1      | Reached XP level 1. HP: 14/14 MP: 1/1
   207 | D:1      | Found a faded altar of an unknown god.
   245 | D:1      | Reached XP level 2. HP: 19/19 MP: 2/2
   782 | D:1      | Reached XP level 3. HP: 23/23 MP: 3/3
  1259 | D:2      | Reached XP level 4. HP: 28/28 MP: 4/4
  1470 | D:2      | Slain by a gnoll

Illustrated notes

Levels and vault maps discovered:
D:1:      psy_arrival_fountain, layout_basic, ebering_ecumenical_altar_box,
          minmay_liquid_box
D:2:      layout_loops_cross, lexackson_kobold_supper

Skill      XL: |  1  2  3  4 |
---------------+-------------+-----
Axes           | 2 3 |  3.2
Fighting       | |  3.6
Armour         | |  3.8
Shields        | |  3.7

Action                   |  1- 3 |  4- 6 || total
-------------------------+-------+-------++-------
Melee: War axe           |   108 |    23 ||   131
  Use: Scroll            |     2 |       ||     2
Armor: Scale mail        |    81 |     9 ||    90
Dodge: Dodged            |    63 |    15 ||    78
Block: Buckler           |    28 |    10 ||    38

Table legend: (Time is in decaauts)
 A = Elapsed time spent in this place.
 B = Non-inter-level travel time spent in this place.
 C = Inter-level travel time spent in this place.
 D = Time resting spent in this place.
 E = Time spent auto-exploring this place.
 F = Levels seen in this place.
 G = Mean time per level.
                   A        B        C        D        E       F      G
               +--------+--------+--------+--------+--------+-----+--------+
         Total |   1524 |   1524 |      0 |      0 |   1174 |   2 |  762.0 |
       Dungeon |   1524 |   1524 |      0 |      0 |   1174 |   2 |  762.0 |
               +--------+--------+--------+--------+--------+-----+--------+

Top non-repeatable levels by time:
     D:1: 1038 daAuts
     D:2: 485 daAuts
